[Event "26th OIBM 2023"]
[Site "Gmund am Tegernsee"]
[Date "2023.11.02"]
[Round "6.2"]
[White "Gopal G.N."]
[Black "Weishaeutel, Moritz"]
[Result "1-0"]
[ECO "B76"]
[WhiteElo "2573"]
[BlackElo "2403"]
[Annotator "ChessBase"]
[PlyCount "109"]
[EventDate "2023.10.04"]
[EventType "swiss"]
[EventCountry "GER"]
[SourceTitle "playchess.com"]
[Source "ChessBase"]
[SourceQuality "1"]
[TimeControl "40/5400+30:1800+30"]

1. e4 c5 2. Nf3 d6 3. d4 cxd4 4. Nxd4 Nf6 5. Nc3 g6 6. Be3 Bg7 7. f3 O-O 8. Qd2 Nc6 9. O-O-O d5 10. exd5 Nxd5 11. Nxc6 bxc6 12. Bd4 e5 13. Bc5 Re8 14. Ne4 Qc7 15. h4 f5 16. Nd6 Rd8 17. Nxc8 Raxc8 18. h5 Nb6 19. Bxb6 Rxd2 20. Bc4+ Kf8 21. Bxc7 Rxd1+ 22. Rxd1 Rxc7 23. hxg6 Bh6+ 24. Kb1 hxg6 25. Rd6 Kg7 26. Re6 Rd7 27. Bd3 Bf4 28. a4 Rd4 29. Rxc6 Rxa4 30. c3 Ra5 31. Rd6 e4 32. Rd7+ Kf6 33. fxe4 fxe4 34. Bxe4 Re5 35. Bf3 Re7 36. Rd1 Rc7 37. Kc2 Be5 38. Rd5 g5 39. Ra5 Kf5 40. Ra4 Bf4 41. Ra6 Be5 42. Bd5 Kf4 43. Ra4+ Kg3 44. c4 Bd4 45. Ra3+ Kf4 46. b4 Ke5 47. Rg3 Rg7 48. Rg4 Bf2 49. Re4+ Kd6 50. Re6+ Kc7 51. Kd3 Kb8 52. c5 a5 53. Rf6 Be1 54. Rf8+ Kc7 55. b5 1-0

[Event "26th OIBM 2023"]
[Site "Gmund am Tegernsee"]
[Date "2023.11.02"]
[Round "6.4"]
[White "Golubka, Petro"]
[Black "Nguyen, Alex Dac-Vuong"]
[Result "1-0"]
[ECO "E25"]
[WhiteElo "2434"]
[BlackElo "2333"]
[Annotator "ChessBase"]
[PlyCount "86"]
[EventDate "2023.10.04"]
[EventType "swiss"]
[EventCountry "GER"]
[SourceTitle "playchess.com"]
[Source "ChessBase"]
[SourceQuality "1"]
[TimeControl "40/5400+30:1800+30"]

1. d4 Nf6 2. c4 e6 3. Nc3 Bb4 4. f3 d5 5. a3 Bxc3+ 6. bxc3 c5 7. cxd5 Nxd5 8. dxc5 Qa5 9. e4 Nf6 10. Be3 Nfd7 11. a4 O-O 12. Kf2 Nxc5 13. Qd6 Nba6 14. Bxa6 Nxa6 15. Ne2 Rd8 16. Qe7 Bd7 17. Rhd1 Bc6 18. Nd4 Be8 19. Nb3 Qc7 20. Qxc7 Nxc7 21. Rxd8 Rxd8 22. Bxa7 e5 23. Bb6 Rc8 24. c4 Na8 25. c5 Nxb6 26. cxb6 Rc2+ 27. Kg3 Rb2 28. Ra3 f5 29. exf5 Bxa4 30. Na5 Bb5 31. Rb3 Rxb3 32. Nxb3 Bc6 33. h4 Kf7 34. Kf2 Ke7 35. Nc5 h6 36. g4 Bd5 37. Ke3 Bc6 38. f4 Kd6 39. Ne6 g6 40. fxe5+ Kxe5 41. Nd8 Bg2 42. fxg6 Kf6 43. h5 Bd5 1-0

[Event "26th OIBM 2023"]
[Site "Gmund am Tegernsee"]
[Date "2023.11.02"]
[Round "6.5"]
[White "Mastrovasilis, Dimitrios"]
[Black "Reimann, Sebastian"]
[Result "1-0"]
[ECO "B53"]
[WhiteElo "2573"]
[BlackElo "2342"]
[Annotator "ChessBase"]
[PlyCount "59"]
[EventDate "2023.10.04"]
[EventType "swiss"]
[EventCountry "GER"]
[SourceTitle "playchess.com"]
[Source "ChessBase"]
[SourceQuality "1"]
[TimeControl "40/5400+30:1800+30"]

1. e4 c5 2. Nf3 d6 3. d4 cxd4 4. Qxd4 Nf6 5. Bg5 Bg4 6. Nc3 Nc6 7. Bb5 Bxf3 8. gxf3 Qa5 9. O-O-O Rc8 10. Bxf6 gxf6 11. Qd5 Qd8 12. Qh5 a6 13. Bc4 Ne5 14. Bd5 Qd7 15. f4 Ng6 16. f5 e6 17. Bb3 Nf4 18. Qh4 e5 19. Nd5 Nxd5 20. Rxd5 h5 21. Kb1 Be7 22. Rg1 Kd8 23. Rd3 Rf8 24. Qxh5 Kc7 25. Bxf7 Qa4 26. Bd5 Kb8 27. Rb3 Rc7 28. h4 Qd4 29. Qe2 Rh8 30. Qxa6 1-0

[Event "26th OIBM 2023"]
[Site "Gmund am Tegernsee"]
[Date "2023.11.02"]
[Round "6.6"]
[White "Zawadzka, Jolanta"]
[Black "Bauer, Christian"]
[Result "1/2-1/2"]
[ECO "B12"]
[WhiteElo "2342"]
[BlackElo "2552"]
[Annotator "ChessBase"]
[PlyCount "97"]
[EventDate "2023.10.04"]
[EventType "swiss"]
[EventCountry "GER"]
[SourceTitle "playchess.com"]
[Source "ChessBase"]
[SourceQuality "1"]
[TimeControl "40/5400+30:1800+30"]

1. e4 c6 2. d4 d5 3. Nd2 g6 4. Ngf3 Bg7 5. e5 f6 6. Bd3 Nh6 7. O-O Nf7 8. Qe2 fxe5 9. Nxe5 Nxe5 10. dxe5 Nd7 11. f4 Nc5 12. Nb3 Nxd3 13. cxd3 O-O 14. Be3 b6 15. d4 a5 16. Qc2 Bd7 17. a4 Qc8 18. h3 Qa6 19. g4 Rac8 20. Rf2 e6 21. h4 Be8 22. h5 c5 23. dxc5 gxh5 24. f5 hxg4 25. f6 Bg6 26. Qe2 Qxe2 27. Rxe2 bxc5 28. fxg7 Rf3 29. Nxc5 Bf5 30. b4 axb4 31. a5 b3 32. Bd4 Rg3+ 33. Kh2 Rh3+ 34. Kg2 Kxg7 35. Rb2 Kg6 36. a6 h5 37. a7 Ra8 38. Ra6 h4 39. Nxe6 Be4+ 40. Kf2 g3+ 41. Ke3 Kf5 42. Nf4 Rh1 43. Ne2 g2 44. Kd2 Bc2 45. Rf6+ Kg4 46. Rxc2 bxc2 47. Rg6+ Kf3 48. Rf6+ Kg4 49. Rg6+ 1/2-1/2

[Event "26th OIBM 2023"]
[Site "Gmund am Tegernsee"]
[Date "2023.11.02"]
[Round "6.7"]
[White "Petrov, Nikita"]
[Black "Lavrencic, Matic"]
[Result "1/2-1/2"]
[ECO "A21"]
[WhiteElo "2551"]
[BlackElo "2319"]
[Annotator "ChessBase"]
[PlyCount "106"]
[EventDate "2023.10.04"]
[EventType "swiss"]
[EventCountry "GER"]
[SourceTitle "playchess.com"]
[Source "ChessBase"]
[SourceQuality "1"]
[TimeControl "40/5400+30:1800+30"]

1. c4 e5 2. Nc3 Bb4 3. Qb3 Nc6 4. e3 Nf6 5. Nge2 O-O 6. a3 Be7 7. Ng3 d6 8. Be2 a5 9. O-O Bd7 10. Qc2 Be6 11. b3 d5 12. cxd5 Nxd5 13. Bb2 Nxc3 14. Qxc3 f6 15. Rac1 Bd6 16. Bc4 Qd7 17. Ne4 Kh8 18. Bxe6 Qxe6 19. Qc4 Qd7 20. Rfd1 Rfd8 21. h3 Qe7 22. Qb5 Rab8 23. Nc5 Bxc5 24. Rxc5 Qd6 25. d4 exd4 26. Bxd4 Qe7 27. Qc4 Rd7 28. Rb5 h6 29. a4 Qd8 30. Qc3 Qe7 31. Rd2 Qd6 32. Qc2 b6 33. Rh5 Nxd4 34. Rxd4 Qe6 35. Rhh4 Rbd8 36. Rhe4 Qf7 37. Rxd7 Qxd7 38. Rd4 Qe7 39. Qd3 Rxd4 40. Qxd4 Qf7 41. Qd8+ Kh7 42. Qd3+ Kh8 43. e4 Qe7 44. Qd5 Qb4 45. Kh2 Qc3 46. h4 Qc2 47. f3 Qc1 48. Kg3 Qc2 49. Kh3 Qb2 50. g3 Qc3 51. Kg4 c6 52. Qe6 h5+ 53. Kxh5 Qxf3+ 1/2-1/2

[Event "26th OIBM 2023"]
[Site "Gmund am Tegernsee"]
[Date "2023.11.02"]
[Round "6.8"]
[White "Unuk, Laura"]
[Black "Van Foreest, Lucas"]
[Result "1/2-1/2"]
[ECO "D02"]
[WhiteElo "2313"]
[BlackElo "2540"]
[Annotator "ChessBase"]
[PlyCount "81"]
[EventDate "2023.10.04"]
[EventType "swiss"]
[EventCountry "GER"]
[SourceTitle "playchess.com"]
[Source "ChessBase"]
[SourceQuality "1"]
[TimeControl "40/5400+30:1800+30"]

1. d4 Nf6 2. Bf4 d5 3. e3 e6 4. Nf3 Bd6 5. Nbd2 O-O 6. c3 b6 7. Bg3 c5 8. Bd3 Bb7 9. Qe2 Nc6 10. Rd1 h6 11. Ne5 Qc7 12. f4 Ne7 13. Bh4 Ne4 14. Bxe7 Bxe7 15. O-O Bd6 16. Nxe4 dxe4 17. Bc4 Rad8 18. Bb3 Bd5 19. g4 g6 20. h4 Kg7 21. h5 g5 22. Qg2 cxd4 23. cxd4 Bxe5 24. fxe5 Bxb3 25. axb3 Rc8 26. Qxe4 Qc2 27. Qxc2 Rxc2 28. Rf2 Rfc8 29. Rdd2 Rxd2 30. Rxd2 Rc1+ 31. Kf2 f6 32. exf6+ Kxf6 33. Kf3 Ke7 34. Ke4 Kd6 35. Rf2 Rg1 36. Kf3 Kd5 37. Rd2 Rf1+ 38. Ke2 Rg1 39. Kf3 Rf1+ 40. Ke2 Rg1 41. Kf3 1/2-1/2

[Event "26th OIBM 2023"]
[Site "Gmund am Tegernsee"]
[Date "2023.11.02"]
[Round "6.9"]
[White "Schneider, Jana"]
[Black "Kulaots, Kaido"]
[Result "0-1"]
[ECO "B34"]
[WhiteElo "2285"]
[BlackElo "2508"]
[Annotator "ChessBase"]
[PlyCount "48"]
[EventDate "2023.10.04"]
[EventType "swiss"]
[EventCountry "GER"]
[SourceTitle "playchess.com"]
[Source "ChessBase"]
[SourceQuality "1"]
[TimeControl "40/5400+30:1800+30"]

1. e4 c5 2. Nf3 Nc6 3. Nc3 g6 4. d4 cxd4 5. Nxd4 Bg7 6. Be3 Nf6 7. Nxc6 bxc6 8. e5 Ng8 9. f4 Nh6 10. Qd2 d6 11. O-O-O O-O 12. exd6 Nf5 13. Bf2 Rb8 14. Bc4 exd6 15. g4 Rb4 16. Bf1 Qa5 17. gxf5 Rxb2 18. f6 Qa3 19. Qxd6 Qxc3 20. Qd3 Qb4 21. c3 Qa3 22. Rd2 Rxa2+ 23. Kd1 Bg4+ 24. Ke1 Ra1+ 0-1

[Event "26th OIBM 2023"]
[Site "Gmund am Tegernsee"]
[Date "2023.11.02"]
[Round "6.10"]
[White "Vetoshko, Volodymyr"]
[Black "Liepold, Stefan"]
[Result "1-0"]
[ECO "A16"]
[WhiteElo "2499"]
[BlackElo "2150"]
[Annotator "ChessBase"]
[PlyCount "57"]
[EventDate "2023.10.04"]
[EventType "swiss"]
[EventCountry "GER"]
[SourceTitle "playchess.com"]
[Source "ChessBase"]
[SourceQuality "1"]
[TimeControl "40/5400+30:1800+30"]

1. Nf3 Nf6 2. c4 g6 3. Nc3 d5 4. cxd5 Nxd5 5. h4 h6 6. e4 Nxc3 7. bxc3 Bg7 8. d4 c5 9. Be2 cxd4 10. cxd4 Nc6 11. Be3 Qa5+ 12. Bd2 Qa3 13. d5 Ne5 14. Nxe5 Bxe5 15. Rb1 Qd6 16. Qc1 O-O 17. Bxh6 Re8 18. h5 Bd7 19. hxg6 fxg6 20. Qg5 Rec8 21. f4 Bc3+ 22. Kf1 Be8 23. e5 Qxd5 24. Bf8 Bxe5 25. fxe5 Qf7+ 26. Kg1 Qxf8 27. Rxb7 Rab8 28. Rxb8 Rxb8 29. Bc4+ 1-0

[Event "26th OIBM 2023"]
[Site "Gmund am Tegernsee"]
[Date "2023.11.02"]
[Round "6.11"]
[White "Cherniaiev, Tykhon"]
[Black "Gallego Alcaraz, Andres Felipe"]
[Result "1-0"]
[ECO "B20"]
[WhiteElo "2278"]
[BlackElo "2495"]
[Annotator "ChessBase"]
[PlyCount "84"]
[EventDate "2023.10.04"]
[EventType "swiss"]
[EventCountry "GER"]
[SourceTitle "playchess.com"]
[Source "ChessBase"]
[SourceQuality "1"]
[TimeControl "40/5400+30:1800+30"]

1. e4 c5 2. b3 d6 3. Bb2 Nf6 4. Nc3 Nc6 5. Bb5 Bd7 6. f4 a6 7. Bxc6 Bxc6 8. Qe2 e6 9. Nf3 Be7 10. e5 dxe5 11. Nxe5 Rc8 12. O-O-O O-O 13. Kb1 Nd5 14. Nxd5 Qxd5 15. d3 f6 16. Nc4 Rce8 17. Rhg1 Bd8 18. Rdf1 b5 19. Ne3 Qd7 20. g4 Bc7 21. Qf2 a5 22. f5 Be5 23. g5 Bxb2 24. Kxb2 fxg5 25. Rxg5 Qd4+ 26. c3 Qf6 27. Rfg1 b4 28. Rxg7+ Kh8 29. Kb1 exf5 30. Nxf5 Bd5 31. Rxh7+ Kxh7 32. Qg3 Re3 33. Nxe3 Be6 34. Rf1 Qh6 35. Rxf8 Qxf8 36. Qh4+ Kg7 37. Qg5+ Kh7 38. Qh5+ Kg7 39. Qe5+ Kf7 40. Qf4+ Ke7 41. Qxf8+ Kxf8 42. Nc4 Ke7 1-0

[Event "26th OIBM 2023"]
[Site "Gmund am Tegernsee"]
[Date "2023.11.02"]
[Round "6.12"]
[White "Meins, Gerlef"]
[Black "Ammon, Tobias"]
[Result "1/2-1/2"]
[ECO "A09"]
[WhiteElo "2412"]
[BlackElo "2145"]
[Annotator "ChessBase"]
[PlyCount "30"]
[EventDate "2023.10.04"]
[EventType "swiss"]
[EventCountry "GER"]
[SourceTitle "playchess.com"]
[Source "ChessBase"]
[SourceQuality "1"]
[TimeControl "40/5400+30:1800+30"]

1. Nf3 d5 2. c4 d4 3. e3 Nc6 4. exd4 Nxd4 5. Nxd4 Qxd4 6. Nc3 c6 7. d3 Nh6 8. Be3 Qd8 9. Bxh6 gxh6 10. d4 Bg7 11. d5 Qd6 12. Be2 cxd5 13. cxd5 O-O 14. O-O Bf5 15. Qb3 Rfc8 1/2-1/2

[Event "26th OIBM 2023"]
[Site "Gmund am Tegernsee"]
[Date "2023.11.02"]
[Round "6.13"]
[White "Mueller, Elias"]
[Black "Colpe, Malte"]
[Result "0-1"]
[ECO "C02"]
[WhiteElo "2015"]
[BlackElo "2386"]
[Annotator "ChessBase"]
[PlyCount "80"]
[EventDate "2023.10.04"]
[EventType "swiss"]
[EventCountry "GER"]
[SourceTitle "playchess.com"]
[Source "ChessBase"]
[SourceQuality "1"]
[TimeControl "40/5400+30:1800+30"]

1. e4 e6 2. d4 d5 3. e5 c5 4. c3 Nc6 5. Nf3 Qb6 6. a3 Nh6 7. Bd3 cxd4 8. cxd4 Nf5 9. Bxf5 exf5 10. O-O Be6 11. Nc3 h6 12. h4 Be7 13. Na4 Qb5 14. Bd2 O-O 15. Nc3 Qd3 16. Ne2 Qb5 17. Bc3 a5 18. Qd2 Kh7 19. Ng3 g6 20. Qe3 Rg8 21. Bd2 g5 22. hxg5 hxg5 23. Nh5 f4 24. Nxf4 gxf4 25. Qxf4 Rg6 26. Rac1 Rh8 27. Rc3 Kg8 28. Rfc1 Rh5 29. Qe3 Bf8 30. Rb3 Qa6 31. a4 Rgh6 32. Nh2 Rxh2 33. Qg3+ Bg7 34. Bxh6 Rxh6 35. Qe3 Rg6 36. f4 Qa7 37. Rd1 Bf5 38. Rb5 Be4 39. Rd2 Ne7 40. Rc5 b6 0-1

[Event "26th OIBM 2023"]
[Site "Gmund am Tegernsee"]
[Date "2023.11.02"]
[Round "6.14"]
[White "Galioglu, Cem"]
[Black "Schachinger, Mario"]
[Result "0-1"]
[ECO "C69"]
[WhiteElo "1921"]
[BlackElo "2385"]
[Annotator "ChessBase"]
[PlyCount "104"]
[EventDate "2023.10.04"]
[EventType "swiss"]
[EventCountry "GER"]
[SourceTitle "playchess.com"]
[Source "ChessBase"]
[SourceQuality "1"]
[TimeControl "40/5400+30:1800+30"]

1. e4 e5 2. Nf3 Nc6 3. Bb5 a6 4. Bxc6 dxc6 5. O-O f6 6. d4 exd4 7. Nxd4 c5 8. Ne2 Qxd1 9. Rxd1 Bd7 10. Nbc3 O-O-O 11. Bf4 Ne7 12. f3 Re8 13. Rd2 Be6 14. Rad1 b6 15. a4 h5 16. Kf2 g5 17. Be3 Nc6 18. Nd5 Bxd5 19. Rxd5 Bd6 20. Rxd6 cxd6 21. Rxd6 Kb7 22. Rxf6 g4 23. Nf4 Ref8 24. Re6 gxf3 25. gxf3 Re8 26. Rg6 Rhf8 27. Ke2 Rg8 28. Rh6 Rh8 29. Rd6 Rd8 30. Rf6 Rdf8 31. Rxc6 Kxc6 32. Ng6 b5 33. axb5+ axb5 34. Nxh8 Rxh8 35. f4 Ra8 36. f5 Ra2 37. Bc1 c4 38. c3 b4 39. Kd2 b3 40. Ke2 Kd6 41. Kf3 Ke5 42. h4 Kd6 43. Bf4+ Ke7 44. Bc1 Kd6 45. Bf4+ Kd7 46. Bc1 Ra1 47. Be3 Rf1+ 48. Kg3 Ke8 49. Bc5 Rb1 50. e5 Rxb2 51. Kf3 Ra2 52. e6 Ra6 0-1

[Event "26th OIBM 2023"]
[Site "Gmund am Tegernsee"]
[Date "2023.11.02"]
[Round "6.15"]
[White "Zieger, Bernd"]
[Black "Morawietz, Dieter"]
[Result "0-1"]
[ECO "B83"]
[WhiteElo "1873"]
[BlackElo "2378"]
[Annotator "ChessBase"]
[PlyCount "50"]
[EventDate "2023.10.04"]
[EventType "swiss"]
[EventCountry "GER"]
[SourceTitle "playchess.com"]
[Source "ChessBase"]
[SourceQuality "1"]
[TimeControl "40/5400+30:1800+30"]

1. e4 c5 2. Nf3 e6 3. d4 cxd4 4. Nxd4 Nc6 5. Nc3 d6 6. Be3 Nf6 7. Be2 Be7 8. O-O O-O 9. Bf3 Bd7 10. Re1 a6 11. a4 Ne5 12. Be2 Qc7 13. f4 Nc4 14. Bxc4 Qxc4 15. e5 dxe5 16. fxe5 Nd5 17. Nxd5 Qxd5 18. Nf3 Bc6 19. Qd4 Rac8 20. c4 Qa5 21. Nd2 Rfd8 22. Qf4 Qb4 23. b3 Rd3 24. Re2 Rxe3 25. Rxe3 Qxd2 0-1

[Event "26th OIBM 2023"]
[Site "Gmund am Tegernsee"]
[Date "2023.11.02"]
[Round "6.16"]
[White "Hess, Max"]
[Black "Kraus, Sebastian"]
[Result "1-0"]
[ECO "A13"]
[WhiteElo "2378"]
[BlackElo "1904"]
[Annotator "ChessBase"]
[PlyCount "61"]
[EventDate "2023.10.04"]
[EventType "swiss"]
[EventCountry "GER"]
[SourceTitle "playchess.com"]
[Source "ChessBase"]
[SourceQuality "1"]
[TimeControl "40/5400+30:1800+30"]

1. c4 e6 2. g3 d5 3. Bg2 Nf6 4. Nf3 dxc4 5. Qa4+ Bd7 6. Qxc4 c5 7. Ne5 Qc8 8. Qd3 Nc6 9. Nxd7 Nxd7 10. b3 Be7 11. Bb2 O-O 12. Nc3 Rd8 13. Rc1 Nf6 14. Qb1 Qd7 15. d3 Rac8 16. O-O h5 17. Rfd1 h4 18. e3 hxg3 19. hxg3 b6 20. Ne4 e5 21. Nxf6+ Bxf6 22. a3 Qe6 23. Bc3 Rd6 24. b4 cxb4 25. axb4 b5 26. Be4 Bg5 27. d4 Qh6 28. dxe5 Rxd1+ 29. Rxd1 Bxe3 30. Kg2 Bb6 31. Rd6 1-0

[Event "26th OIBM 2023"]
[Site "Gmund am Tegernsee"]
[Date "2023.11.02"]
[Round "6.17"]
[White "Shen, Tingrui"]
[Black "Besou, Hussain"]
[Result "0-1"]
[ECO "B51"]
[WhiteElo "1740"]
[BlackElo "2351"]
[Annotator "ChessBase"]
[PlyCount "82"]
[EventDate "2023.10.04"]
[EventType "swiss"]
[EventCountry "GER"]
[SourceTitle "playchess.com"]
[Source "ChessBase"]
[SourceQuality "1"]
[TimeControl "40/5400+30:1800+30"]

1. e4 c5 2. Nf3 d6 3. Bb5+ Nd7 4. a4 Ngf6 5. Nc3 g6 6. O-O Bg7 7. d4 cxd4 8. Nxd4 O-O 9. Be3 Nc5 10. f3 a6 11. Bc4 Bd7 12. Nb3 Nxb3 13. Bxb3 b5 14. Qe2 Rb8 15. Bd4 b4 16. Nd5 Nxd5 17. Bxg7 Nf4 18. Qd2 Nh3+ 19. gxh3 Kxg7 20. h4 Qa5 21. Qd4+ f6 22. Qa7 Qb6+ 23. Qxb6 Rxb6 24. Bc4 a5 25. Rfd1 Bc6 26. Kf2 Kh6 27. Kg3 Rc8 28. b3 Bb7 29. Rac1 Rc5 30. Rd2 Ba6 31. Bd5 Rb8 32. Be6 Rb7 33. Rcd1 Rbc7 34. Rd5 Rxc2 35. Rxa5 Be2 36. Rd4 R7c3 37. Rxb4 Rxf3+ 38. Kg2 Bd1+ 39. Kg1 Re3 40. Kf1 Bf3 41. Bh3 Be2+ 0-1

[Event "26th OIBM 2023"]
[Site "Gmund am Tegernsee"]
[Date "2023.11.02"]
[Round "6.18"]
[White "Lagarde, Maxime"]
[Black "Eichler, Alexander"]
[Result "1-0"]
[ECO "D04"]
[WhiteElo "2626"]
[BlackElo "1860"]
[Annotator "TA"]
[PlyCount "77"]
[EventDate "2023.10.04"]
[EventType "swiss"]
[EventCountry "GER"]
[SourceTitle "playchess.com"]
[Source "ChessBase"]
[SourceQuality "1"]
[TimeControl "40/5400+30:1800+30"]

1. d4 Nf6 2. Nf3 g6 3. Nbd2 d5 4. b3 Bg7 5. Bb2 O-O 6. e3 Bf5 7. Be2 {[%emt 0:00:05] D04: Colle System.} Nbd7 8. c4 c6 9. O-O {[%emt 0:12:53] White has an edge.} Ne4 10. Nxe4 Bxe4 11. Ng5 Nf6 12. Nxe4 Nxe4 {[%emt 0:00:09] [#]} 13. Bd3 $146 ({Predecessor:} 13. Qc2 Qd7 14. a4 a5 15. cxd5 cxd5 16. Bb5 Rfc8 17. Qxe4 Qxb5 18. axb5 dxe4 19. Rfc1 {½-½ Rapport,R (2444)-Prohaszka,P (2501) Szentgotthard GM 2010 (5)}) 13... f5 14. Qe2 e6 15. b4 Qh4 16. f3 Nd6 17. c5 Ne8 18. a4 e5 19. e4 exd4 {[%emt 0:12:08] [#]} 20. exd5 $1 cxd5 21. Qe6+ Kh8 22. Rae1 (22. Qxd5 $16 Rd8 23. Qc4 (23. Qxb7 Be5 $11)) 22... Nc7 $14 23. Qe7 Qxe7 24. Rxe7 Rac8 25. Rfe1 {[%emt 0:00:13][%mdl 1024] Hoping for Rd7. White has compensation. White has more active pieces.} (25. g4 $5 ) 25... Bf6 26. Rd7 {[%emt 0:00:09] aiming for b5.} Kg8 27. Rc1 Rfe8 (27... Rf7 $11 28. c6 Rb8) 28. c6 (28. Kf1 $14) 28... b6 (28... bxc6 $11 29. Rxc6 Ne6 30. Rxc8 Rxc8) 29. b5 $36 {[%emt 0:02:38][%mdl 2048] Black is under pressure.} (29. Kf1 $5 ) 29... Re3 30. Rd1 (30. Bc2 $5 ) 30... Re7 $1 31. Rxe7 Bxe7 32. Bxd4 {[%emt 0:00:07][%cal Oa4a5] a5! would be deadly.} Kf7 {[%emt 0:01:28] [#] This costs Black the game.} (32... Bc5 $14 33. Bf2 Kf7) 33. a5 $1 $18 Bc5 (33... Bf6 34. Bf2) 34. Bxc5 bxc5 35. b6 c4 $2 (35... axb6 $16 36. axb6 Ke6) 36. Bc2 $2 (36. Bxc4 $18 {is more deadly.} axb6 37. axb6 dxc4 38. Rd7+ (38. bxc7 Rxc7 39. Rd6 Ke7 $17) 38... Kf6 39. b7 {[%mdl 64] Deflection} (39. Rxc7 c3 $11)) 36... Na6 {[%emt 0:01:05] [#]} (36... axb6 $16 37. axb6 Ke6) 37. Ba4 $1 ({Not} 37. Rxd5 axb6 38. axb6 Rxc6 $14) ({Inferior is} 37. bxa7 Ke6 $11) 37... axb6 38. axb6 Nc5 (38... Ke6 39. Bb5 Nc7) 39. b7 {[%emt 0:01:07] Weighted Error Value: White=0.33/Black=0.35} 1-0

[Event "26th OIBM 2023"]
[Site "Gmund am Tegernsee"]
[Date "2023.11.02"]
[Round "6.19"]
[White "Ghazarian, Kirk"]
[Black "Koehler, Christian Friedrich"]
[Result "1-0"]
[ECO "B10"]
[WhiteElo "2473"]
[BlackElo "2181"]
[Annotator "ChessBase"]
[PlyCount "59"]
[EventDate "2023.10.04"]
[EventType "swiss"]
[EventCountry "GER"]
[SourceTitle "playchess.com"]
[Source "ChessBase"]
[SourceQuality "1"]
[TimeControl "40/5400+30:1800+30"]

1. c4 c6 2. e4 d5 3. exd5 cxd5 4. cxd5 Nf6 5. Bb5+ Nbd7 6. Nf3 a6 7. Ba4 Nxd5 8. Nc3 N5b6 9. Bc2 Nf6 10. h3 e6 11. d4 Be7 12. O-O O-O 13. Qd3 Bd7 14. Bg5 g6 15. Bh6 Re8 16. Ne5 Rc8 17. Rac1 Bc6 18. Bb3 Bd5 19. Nxd5 Nbxd5 20. Qf3 Rxc1 21. Rxc1 Bf8 22. Bg5 h6 23. Bxf6 Nxf6 24. Qxb7 Re7 25. Qxa6 Rc7 26. Rxc7 Qxc7 27. Qc4 Qa5 28. Qc3 Bb4 29. Qc8+ Bf8 30. Qb7 1-0

[Event "26th OIBM 2023"]
[Site "Gmund am Tegernsee"]
[Date "2023.11.02"]
[Round "6.20"]
[White "Tonndorf, Matthias"]
[Black "Kargin, Arseny"]
[Result "0-1"]
[ECO "B76"]
[WhiteElo "2206"]
[BlackElo "2391"]
[Annotator "ChessBase"]
[PlyCount "66"]
[EventDate "2023.10.04"]
[EventType "swiss"]
[EventCountry "GER"]
[SourceTitle "playchess.com"]
[Source "ChessBase"]
[SourceQuality "1"]
[TimeControl "40/5400+30:1800+30"]

1. e4 c5 2. Nf3 d6 3. d4 cxd4 4. Nxd4 Nf6 5. Nc3 g6 6. Be3 Bg7 7. f3 Nc6 8. Qd2 O-O 9. O-O-O d5 10. exd5 Nxd5 11. Nxc6 bxc6 12. Bd4 Bxd4 13. Qxd4 Qb6 14. Na4 Qc7 15. Bc4 Rd8 16. g3 Bh3 17. Qh4 Bf5 18. Rhe1 Rab8 19. Bb3 Qa5 20. Re5 Ne3 21. Bxf7+ Kh8 22. Bd5 Rxd5 23. Rexd5 Nxd5 24. Qd4+ Kg8 25. g4 Rb4 26. Qe5 Rxa4 27. gxf5 Rxa2 28. Qe6+ Kf8 29. Qc8+ Kg7 30. c3 Ra1+ 31. Kd2 Rxd1+ 32. Kxd1 Qa4+ 33. Kc1 Qf4+ 0-1

[Event "26th OIBM 2023"]
[Site "Gmund am Tegernsee"]
[Date "2023.11.02"]
[Round "6.21"]
[White "Meissner, Felix"]
[Black "Schaffarczyk, Andre"]
[Result "1/2-1/2"]
[ECO "B23"]
[WhiteElo "2382"]
[BlackElo "2118"]
[Annotator "ChessBase"]
[PlyCount "79"]
[EventDate "2023.10.04"]
[EventType "swiss"]
[EventCountry "GER"]
[SourceTitle "playchess.com"]
[Source "ChessBase"]
[SourceQuality "1"]
[TimeControl "40/5400+30:1800+30"]

1. e4 c5 2. Nc3 Nc6 3. Bb5 Nd4 4. Nf3 a6 5. Bd3 e6 6. Nxd4 cxd4 7. Ne2 e5 8. c3 dxc3 9. Nxc3 Nf6 10. Qb3 Bc5 11. Bc4 O-O 12. O-O d6 13. d3 b5 14. Bd5 Nxd5 15. Nxd5 Be6 16. Be3 Qd7 17. Rad1 Qa7 18. Rfe1 Rfc8 19. h3 Rab8 20. Rd2 a5 21. a3 a4 22. Qd1 Bxd5 23. exd5 Bxe3 24. fxe3 h6 25. d4 Re8 26. dxe5 Rxe5 27. Rd4 Rc8 28. Qd3 Rc5 29. Kh2 Qb7 30. e4 Qe7 31. Rf1 Rg5 32. Rb4 Qe5+ 33. Kh1 Qg3 34. Qe2 Re5 35. Rxb5 Rxb5 36. Qxb5 Rxe4 37. Qd7 f6 38. Qc8+ Kf7 39. Qd7+ Kg8 40. Qc8+ 1/2-1/2

[Event "26th OIBM 2023"]
[Site "Gmund am Tegernsee"]
[Date "2023.11.02"]
[Round "6.22"]
[White "Manish Anto Cristiano F"]
[Black "Mohylnyi, Stepan"]
[Result "1-0"]
[ECO "D75"]
[WhiteElo "2368"]
[BlackElo "2120"]
[Annotator "ChessBase"]
[PlyCount "113"]
[EventDate "2023.10.04"]
[EventType "swiss"]
[EventCountry "GER"]
[SourceTitle "playchess.com"]
[Source "ChessBase"]
[SourceQuality "1"]
[TimeControl "40/5400+30:1800+30"]

1. c4 Nf6 2. Nc3 d5 3. cxd5 Nxd5 4. g3 g6 5. Bg2 Nxc3 6. bxc3 Bg7 7. Nf3 O-O 8. O-O c5 9. d4 cxd4 10. cxd4 Nc6 11. Bb2 Qb6 12. Bc3 Bf5 13. e3 Rfd8 14. Qb3 Qxb3 15. axb3 Be4 16. Rfc1 a6 17. Ne1 Bxg2 18. Kxg2 e5 19. dxe5 Nxe5 20. Bd4 Nc6 21. Bxg7 Kxg7 22. Rc3 Rac8 23. Rac1 Ne7 24. Rc7 Kf8 25. Nf3 h6 26. Ne5 Ke8 27. Ng4 f5 28. Nxh6 Rxc7 29. Rxc7 Rd7 30. Rc3 Kf8 31. g4 Kg7 32. g5 b5 33. h4 Ra7 34. Rc5 Rb7 35. h5 a5 36. hxg6 Kxg6 37. f4 a4 38. bxa4 b4 39. a5 b3 40. Rc1 b2 41. Rb1 Nd5 42. a6 Rb3 43. a7 Nb6 44. Kf2 Na8 45. Ke2 Nc7 46. Kd1 Rb7 47. Kd2 Rxa7 48. Rxb2 Nd5 49. Rc2 Ne7 50. Rc5 Ra2+ 51. Kd3 Ra3+ 52. Ke2 Ra4 53. Kf3 Ra7 54. Re5 Rd7 55. Re6+ Kh5 56. Nf7 Ng6 57. Rxg6 1-0

[Event "26th OIBM 2023"]
[Site "Gmund am Tegernsee"]
[Date "2023.11.02"]
[Round "6.23"]
[White "Weber, Ulrich"]
[Black "Renner, Kai"]
[Result "1/2-1/2"]
[ECO "A81"]
[WhiteElo "2349"]
[BlackElo "2103"]
[Annotator "ChessBase"]
[PlyCount "36"]
[EventDate "2023.10.04"]
[EventType "swiss"]
[EventCountry "GER"]
[SourceTitle "playchess.com"]
[Source "ChessBase"]
[SourceQuality "1"]
[TimeControl "40/5400+30:1800+30"]

1. Nf3 f5 2. g3 Nf6 3. Bg2 g6 4. O-O Bg7 5. d4 O-O 6. Nbd2 d6 7. Re1 Nc6 8. e4 e5 9. c3 Nxe4 10. Nxe4 fxe4 11. Qb3+ d5 12. Bg5 Qd7 13. Nxe5 Nxe5 14. dxe5 Qf7 15. Bf6 Bxf6 16. exf6 c6 17. c4 Be6 18. cxd5 Bxd5 1/2-1/2